 Dungeon Crawl Stone Soup version 0.20.1-1-g8b1a95d (webtiles) character file.

241 Gargoyl the Skirmisher (level 5, -4/47 HPs)
             Began as a Minotaur Abyssal Knight on Aug 31, 2017.
             Was a Priest of Lugonu.
             Slain by an ice beast (8 damage)
             ... on level 3 of the Dungeon.
             The game lasted 00:06:16 (3205 turns).

Gargoyl the Skirmisher (Minotaur Abyssal Knight)    Turns: 3205, Time: 00:06:17

Health: -4/47      AC: 11    Str: 22    XL:     5   Next: 80%
Magic:  6/6        EV:  8    Int:  9    God:    Lugonu [***...]
Gold:   171        SH:  0    Dex: 10    Spells: 4/4 levels left

rFire    . . .     SeeInvis .   a - +1 hand axe
rCold    . . .     Gourm    .   (no shield)
rNeg     . . .     Faith    .   p - +1 chain mail (curse)
rPois    .         Spirit   .   (helmet restricted)
rElec    .         Reflect  .   (no cloak)
rCorr    +         Harm     .   (no gloves)
MR       .....                  e - +0 pair of boots
Stlth    ..........             (no amulet)
Regen    0.2/turn               q - ring of resist corrosion
MPRegen  0.1/turn               t - ring of stealth

@: mighty
A: retaliatory headbutt, horns 2
a: Depart the Abyss, Bend Space, Banish, Renounce Religion


You were on level 3 of the Dungeon.
You worshipped Lugonu.
Lugonu was most pleased with you.
You were not hungry.

You visited 1 branch of the dungeon, and saw 3 of its levels.
You visited the Abyss 1 time.
You also visited: Sewer.

You collected 171 gold pieces.

Inventory:

Hand Weapons
 a - a +1 hand axe (weapon)
Armour
 e - a +0 pair of boots (worn)
 p - a cursed +1 chain mail (worn)
Jewellery
 q - a ring of resist corrosion (left hand)
 t - a ring of stealth (right hand)
Scrolls
 g - 2 scrolls of teleportation
 h - a scroll of fear
 i - 5 scrolls of identify
 m - a scroll of amnesia
 o - a scroll of enchant armour
 v - 2 scrolls of enchant weapon {unknown}
 w - a scroll of blinking {unknown}
 x - a scroll of immolation {unknown}
Potions
 b - 3 potions of haste {unknown}
 f - 2 potions of might
 k - a potion of brilliance {unknown}
 n - 2 potions of magic {unknown}
 r - 2 potions of curing
 s - a potion of lignification {unknown}
Books
 u - a book of Cantrips

   Spells                             Type                      Level
   a - Confusing Touch                Hexes                        1
   b - Animate Skeleton               Necromancy                   1
   c - Summon Small Mammal            Summoning                    1
   d - Apportation                    Translocation                1
Comestibles
 c - 6 bread rations
 d - 6 fruits
 j - 3 royal jellies
 l - 2 meat rations


   Skills:
 + Level 4.9 Fighting
 + Level 4.1 Axes
 * Level 4.4 Armour
 + Level 2.0 Dodging
 * Level 2.9 Invocations


You had 4 spell levels left.
You didn't know any spells.

Dungeon Overview and Level Annotations

Branches:
Dungeon (3/15)

Altars:
Cheibriados
Dithmenos
Ru
Yredelemnul


Innate Abilities, Weirdness & Mutations

You reflexively headbutt those who attack you in melee.
You have a pair of horns on your head.


Message History

You feel very mighty all of a sudden.
The ice beast hits you but does no damage.
You closely miss the ice beast.
The ice beast is heavily wounded.
The ice beast hits you but does no damage.
You hit the ice beast.
The ice beast is heavily wounded.
The ice beast hits you but does no damage. x2
You slash the ice beast!
The ice beast is severely wounded.
The ice beast hits you.
* * * LOW HITPOINT WARNING * * *
The ice beast freezes you.
* * * LOW HITPOINT WARNING * * *
You hit the ice beast. Your headbutt misses the ice beast.
The ice beast is almost dead.
The ice beast hits you.
* * * LOW HITPOINT WARNING * * *
The ice beast freezes you!
You die...

###..#..##..##..≈≈≈≈≈.≈..#..# #.#
..<..##.###..#....≈........## #.#
.....##..###............#.## #..
###..#...####........##.#.# ###
###..###..# ###..######.#.# #
#.....♣##### #...# #....# #
.PP.....P..###...#####..###
...(.........#..Y.......##
########.#####..@.#...#..##
.8.##..P)...##......#.....#####
...##♣......##................##
.8.##..P....##........##..###..#
8######.⌠.###.).......##...###.##
##* #####...........###..# #..#
,,*****....?..........# #### ##..
,,,,,,,..#............# ###
,,,,,,,...............#


You could see an ice beast.

Vanquished Creatures
  3 river rats (D:3)
  11 adders
  5 worms (D:3)
  2 dart slugs (D:2)
  6 leopard geckos
  4 orcs (D:3)
  A ball python (Sewer)
  6 bats
  4 giant cockroaches
  7 goblins
  7 hobgoblins
  8 jackals (Sewer)
  15 kobolds
  7 frilled lizards
  6 rats
92 creatures vanquished.

Notes
Turn   | Place    | Note
-------+----------+-------------------------------------------
     0 | Abyss:1  | Gargoyl the Minotaur Abyssal Knight began the quest for the Orb.
     0 | Abyss:1  | Reached XP level 1. HP: 19/19 MP: 1/1
    32 | Abyss:1  | Noticed a wretched star
    32 | D:1      | Escaped the Abyss
   106 | D:1      | Reached * piety under Lugonu
   173 | D:1      | Reached XP level 2. HP: 26/27 MP: 2/2
  1026 | D:2      | Reached XP level 3. HP: 30/33 MP: 3/3
  1291 | D:2      | Found a snail-covered altar of Cheibriados.
  1447 | D:2      | Reached XP level 4. HP: 41/41 MP: 4/4
  1478 | D:2      | Found a shadowy altar of Dithmenos.
  1483 | D:2      | Reached ** piety under Lugonu
  1750 | D:3      | Reached XP level 5. HP: 27/47 MP: 5/5
  1917 | D:3      | Found a glowing drain.
  1925 | Sewer    | Entered a sewer
  2234 | Sewer    | Reached *** piety under Lugonu
  2854 | D:3      | Found a sacrificial altar of Ru.
  2956 | D:3      | Found a basalt altar of Yredelemnul.
  3054 | D:3      | Found a faded altar of an unknown god.
  3187 | D:3      | Noticed an ice beast
  3205 | D:3      | Slain by an ice beast

Skill      XL: |  1  2  3  4  5 |
---------------+----------------+-----
Fighting       | 4 |  4.9
Axes           | 3 4 |  4.1
Invocations    | 2 |  2.9
Armour         | 3 4 |  4.4
Dodging        | 2 |  2.0

Action                   |  1- 3 |  4- 6 || total
-------------------------+-------+-------++-------
Melee: Hand axe          |    77 |   199 ||   276
       Headbutt          |     7 |    26 ||    33
Invok: Depart the Abyss  |     1 |       ||     1
  Use: Scroll            |       |    12 ||    12
       Potion            |       |     4 ||     4
 Stab: Paralysed         |       |     1 ||     1
  Eat: Chunk             |     2 |     6 ||     8
Armor: Leather armour    |    18 |       ||    18
       Chain mail        |    13 |   157 ||   170
Dodge: Dodged            |    54 |   108 ||   162
